 Dungeon Crawl Stone Soup version 0.30-a0-439-g9e77e4d916 (webtiles) character file.

Game seed: 11235502425990673633

308 pokeman the Magician (level 6, -3/34 HPs)
             Began as a Deep Elf Hedge Wizard on Dec 11, 2022.
             Slain by a gnoll sergeant
             ... wielding a +0 spear
              (4 damage)
             ... on level 7 of the Dungeon.
             The game lasted 00:05:57 (3574 turns).

pokeman the Magician (Deep Elf Hedge Wizard)        Turns: 3574, Time: 00:05:58

Health: -3/34      AC:  3    Str: 13    XL:     6   Next: 17%
Magic:  8/17       EV: 12    Int: 21    God:
Gold:   129        SH:  0    Dex: 14    Spells: 7/18 levels left

rFire   . . .      SeeInvis .    r - +0 executioner's axe
rCold   . . .      Faith    .    (shield currently unavailable)
rNeg    . . .      Spirit   .    h - +0 leather armour
rPois   .          Reflect  .    c - +0 hat
rElec   .          Harm     .    (no cloak)
rCorr   .          Rampage  .    (no gloves)
Will    .....                    (no boots)
Stlth   ++........               (no amulet)
HPRegen 0.25/turn                j - +6 ring of strength
MPRegen 0.15/turn                (no ring)

@: very slightly contaminated
A: no striking features
a: no special abilities


You were on level 7 of the Dungeon.
You visited 1 branch of the dungeon, and saw 5 of its levels.

You collected 129 gold pieces.

Inventory:

Hand Weapons
 r - a +0 executioner's axe (weapon)
Armour
 c - a +0 hat (worn)
 h - a +0 leather armour (worn)
Jewellery
 j - a +6 ring of strength (left hand)
 l - an amulet of faith
Wands
 t - a wand of flame (14)
Scrolls
 a - a scroll of vulnerability {unknown}
 b - a scroll of teleportation {unknown}
 f - 4 scrolls of identify {unknown}
 g - a scroll of butterflies {unknown}
 i - 2 scrolls of poison {unknown}
 k - 2 scrolls of blinking {unknown}
 o - a scroll of enchant weapon {unknown}
 p - a scroll of immolation {unknown}
 u - a scroll of brand weapon {unknown}
Potions
 d - a potion of magic
 e - 5 potions of heal wounds {unknown}
 m - 2 potions of attraction {unknown}
 n - a potion of curing {unknown}
 q - 2 potions of lignification {unknown}
 s - a potion of resistance {unknown}


   Skills:
 - Level 1.0 Fighting
 - Level 1.0 Armour
 - Level 3.0 Dodging
 - Level 3.2 Stealth
 * Level 6.8 Spellcasting
 + Level 3.1 Conjurations
 - Level 1.1 Summonings
 - Level 1.1 Translocations
 + Level 0.5 Ice Magic
 - Level 1.0 Air Magic
 - Level 1.0 Poison Magic
 + Level 0.3 Evocations


You had 7 spell levels left.
You knew the following spells:

 Your Spells              Type           Power      Damage    Failure   Level
a - Magic Dart            Conj           80%        1d7       3%          1
b - Mephitic Cloud        Conj/Pois/Air  14%        N/A       17%         3
c - Call Imp              Summ           11%        N/A       11%         2
d - Blink                 Tloc           22%        N/A       11%         2
e - Hailstorm             Conj/Ice       15%        3d5       16%         3

Your spell library contained the following spells:

 Spells                   Type           Power      Damage    Failure   Level
 Freeze                   Ice            36%        1d5       9%          1
 Slow                     Hex            28%        N/A       12%         1
 Cigotuvi's Dreadful Rot  Necr/Pois/Air  20%        N/A       13%         2
 Ensorcelled Hibernation  Hex/Ice        16%        N/A       16%         2
 Passwall                 Tmut/Erth      5%         N/A       17%         2
 Swiftness                Air            11%        N/A       22%         3
 Frozen Ramparts          Ice            18%        1d3       26%         3


Dungeon Overview and Level Annotations

Branches:
Dungeon (4/15)
 Temple: D:4-7

Altars:

Portals:
Sewer: D:4

Annotations:
D:7 Dowan


Message History

A beastly little devil appears in a puff of frigid air.
The gnoll hits your white imp with a +0 whip!
Unknown command.
The gnoll hits your white imp with a +0 whip.
Your white imp dies!
Your white imp disappears in a puff of smoke!
A gnoll sergeant comes into view. It is wielding a +0 spear.
Unknown command.
Casting: Call Imp (safe; 11% risk of failure)
Confirm with . or Enter, or press ? or * to list all spells.
You miscast Call Imp.
You are very lightly contaminated with residual magic.
Nothing appears to happen.
The gnoll sergeant shouts!
You hear a shout!
Casting: Call Imp (safe; 11% risk of failure)
Confirm with . or Enter, or press ? or * to list all spells.
You miscast Call Imp.
Nothing appears to happen.
Unknown command.
You slice the gnoll!!
You kill the gnoll!
The necrophage hits you.
Unknown command.
You closely miss the necrophage. The gnoll sergeant barely misses you.
The necrophage hits you.
The gnoll sergeant hits you from afar with a +0 spear!
The necrophage hits you but does no damage.
Unknown command.
Casting: Call Imp (safe; 11% risk of failure)
Confirm with . or Enter, or press ? or * to list all spells.
A beastly little devil appears in a puff of flame.
The necrophage misses you.
The gnoll sergeant hits you from afar with a +0 spear!
* * * LOW HITPOINT WARNING * * *
Unknown command.
You barely miss the necrophage.
The gnoll sergeant hits you from afar with a +0 spear.
* * * LOW HITPOINT WARNING * * *
The necrophage closely misses you.
The gnoll sergeant hits you from afar with a +0 spear.
You die...

### ###
#.######.#
#........#
#.######.#
#5# #.#
#@# #.#
#n# #.#
#g# #.#
########.#
#.#
.......#)#
#.#
.........#
#.#
.........#
#.#
.......g.#
#.#
.........#
#.#


You could see a necrophage (ally target), a gnoll sergeant, a gnoll (wandering)
and a friendly crimson imp (summoned).

Vanquished Creatures
  A black bear (D:3)
  Natasha (thrice) (D:3)
  3 gnolls (D:7)
  7 adders
  5 endoplasms
  5 giant cockroaches
  2 goblins (D:1)
  2 hobgoblins
  5 quokkas
  4 ball pythons
  5 bats
  A frilled lizard (D:2)
  4 kobolds
  7 rats
54 creatures vanquished.

Notes
Turn   | Place    | Note
-------+----------+-------------------------------------------
     0 | D:1      | pokeman the Deep Elf Hedge Wizard began the quest for the
                  | Orb.
     0 | D:1      | Reached XP level 1. HP: 10/10 MP: 7/7
   338 | D:1      | Found a faded altar of an unknown god.
   427 | D:1      | Reached XP level 2. HP: 16/16 MP: 7/9
  1064 | D:2      | Reached skill level 5 in Spellcasting
  1127 | D:2      | Reached XP level 3. HP: 20/20 MP: 3/11
  1131 | D:2      | Learned a level 3 spell: Mephitic Cloud
  1134 | D:2      | Learned a level 2 spell: Call Imp
  1137 | D:2      | Learned a level 2 spell: Blink
  1536 | D:2      | Reached skill level 1 in Armour
  1919 | D:2      | Reached skill level 1 in Fighting
  2448 | D:3      | Reached XP level 4. HP: 25/25 MP: 8/13
  2519 | D:3      | Noticed a black bear
  2530 | D:3      | Killed a black bear
  2531 | D:3      | Reached skill level 6 in Spellcasting
  2531 | D:3      | Reached XP level 5. HP: 23/29 MP: 5/15
  2991 | D:3      | Learned a level 3 spell: Hailstorm
  3059 | D:3      | Noticed Natasha
  3068 | D:3      | Killed Natasha
  3264 | D:3      | Noticed Natasha
  3279 | D:3      | Killed Natasha
  3280 | D:3      | Reached skill level 1 in Poison Magic
  3304 | D:3      | Noticed Natasha
  3309 | D:3      | Killed Natasha
  3310 | D:3      | Reached skill level 1 in Air Magic
  3310 | D:3      | Reached XP level 6. HP: 28/34 MP: 14/17
  3441 | D:4      | Found a glowing drain.
  3442 | D:4      | You fall into a shaft and drop 3 floors!
  3456 | D:7      | Noticed Dowan
  3574 | D:7      | HP: 1/34 [gnoll sergeant/+0 spear (4)]
  3574 | D:7      | Slain by a gnoll sergeant

Illustrated notes

Levels and vault maps discovered:
D:1:      enne_arrival_octagon_isle, layout_loops_ring,
          hellmonk_ecumenical_altar_crossroads
D:2:      layout_loops_corners
D:3:      layout_basic, uniq_natasha
D:4:      layout_loops_ring, cheibrodos_sewer_entry_drain
D:7:      layout_basic, st_stairs_4, item_on_display_b, uniq_pikel, uniq_duvessa

Skill      XL: |  1  2  3  4  5 |
---------------+----------------+-----
Spellcasting   | 5 6 |  6.8
Armour         | 1 |  1.0
Fighting       | 1 |  1.0
Conjurations   | 2 3 |  3.1
Dodging        | 3 |  3.0
Stealth        | 3 |  3.2
Poison Magic   | 1 |  1.0
Air Magic      | 1 |  1.0
Summonings     | |  1.1
Translocations | |  1.1
Ice Magic      | |  0.5
Evocations     | |  0.3

Action                   |  1- 3 |  4- 6 || total
-------------------------+-------+-------++-------
Melee: Executioner's axe |       |    22 ||    22
 Cast: Magic Dart        |    95 |    31 ||   126
       Mephitic Cloud    |       |     6 ||     6
       Call Imp          |       |     2 ||     2
 Stab: Confused          |       |     1 ||     1
Armor: Leather armour    |     7 |     3 ||    10
Dodge: Dodged            |    17 |    19 ||    36

Table legend: (Time is in decaauts)
 A = Elapsed time spent in this place.
 B = Non-inter-level travel time spent in this place.
 C = Inter-level travel time spent in this place.
 D = Time resting spent in this place.
 E = Time spent auto-exploring this place.
 F = Levels seen in this place.
 G = Mean time per level.
                   A        B        C        D        E       F      G
               +--------+--------+--------+--------+--------+-----+--------+
         Total |   3590 |   3536 |     54 |     46 |   2978 |   5 |  718.0 |
       Dungeon |   3590 |   3536 |     54 |     46 |   2978 |   5 |  718.0 |
               +--------+--------+--------+--------+--------+-----+--------+

Top non-repeatable levels by time:
     D:2: 1262 daAuts
     D:3: 1250 daAuts
     D:1: 900 daAuts
     D:7: 138 daAuts
     D:4: 39 daAuts
